Unix NetHack Version 3.7.0-66 Work-in-progress - last build Nov 25 2022 02:21:47 (a67c8fbd212c6e9cfe3af09653023564b5ba1bad,branch:master). Game began 2022-12-02 16:58:39, ended 2022-12-02 17:03:41. nihil, lawful female dwarven Valkyrie --------- #........| ------ #|.......| ##-....| --------- #|........# # |....| |.......| #---------# ######...).| |.......| ## # ### #|>...| ####........| # # -------- # #------ # # |.......| # # |.......### ` #### # #........| # # |....^.| # ####`############ #--------- ## ## |.......####%###### # ### -----# ## ------.- ## ### # |...|# # # ## # # |*..|# # # #### ## |..<|# #### ###### # # ## |...|# # #### `### # ----- # |...|# # ---|------------###### ### ).....|### |...-# ##................# # .@.....# ----- |..............| %.)..%| ---------------- --- Nihil the Skirmisher St:17 Dx:11 Co:20 In:8 Wi:8 Ch:11 Lawful S:335 Dlvl:2 $:51 HP:0(35) Pw:4(4) AC:6 Xp:3/46 T:925 Latest messages: You miss the grid bug. The grid bug bites! You get zapped! You already found a monster. Use 'm' prefix to force another search. You kill the grid bug! You miss the jackal. The jackal bites! You miss the jackal. The jackal bites! You miss the jackal. The jackal just misses! You miss the jackal. The jackal bites! You miss the jackal. The jackal bites! You kill the jackal! Welcome to experience level 3. You see here a jackal corpse. There is a jackal corpse here; eat it? [ynq] (n) y This jackal corpse is gamey. You stop eating the jackal corpse. You kill the bat! You see here a partly eaten jackal corpse. With great effort you move the boulder. You try to move the boulder, but in vain. You try to move the boulder, but in vain. You try to move the boulder, but in vain. You see here 2 gold pieces. $ - 2 gold pieces (51 in total). You hear the footsteps of a guard on patrol. You hear someone counting gold coins. You see here a food ration. KAABLAMM!!! You triggered a land mine! The food ration tumbles into the pit. You fall into a pit! You are still in a pit. You are still in a pit. You are still in a pit. You are still in a pit. You crawl to the edge of the pit. You see here a mace. KAABLAMM!!! You triggered a land mine! Valkyrie, your life force is running out. You fall into a pit! You die... Do you want your possessions identified? [ynq] (y) n Do you want to see your attributes? [ynq] (y) n Do you want an account of creatures vanquished? [ynaq] (y) n Do you want to see your conduct and achievements? [ynq] (y) n Do you want to see the dungeon overview? [ynq] (y) n Inventory: Coins $ - 51 gold pieces Weapons b - a +0 dagger (alternate weapon; not wielded) a - a blessed +1 dwarvish spear (weapon in hand) j - a blessed +0 orcish dagger g - 2 +0 orcish daggers Armor h - an uncursed +0 orcish helm i - an uncursed +0 orcish helm c - an uncursed +3 small shield (being worn) Comestibles d - 2 uncursed food rations k - an uncursed food ration Potions l - an uncursed potion of hallucination f - an uncursed potion of sleeping Gems/Stones m - an uncursed worthless piece of blue glass e - an uncursed worthless piece of red glass Nihil the Valkyrie's attributes: Background: You were a Skirmisher, a level 3 dwarven Valkyrie. You were lawful, on a mission for Tyr who was opposed by Odin (neutral) and Loki (chaotic). You were in the Dungeons of Doom, on level 2. You entered the dungeon 925 turns ago. You had 46 experience points, 34 more were needed to attain level 4. Your score was 335 before end-of-game adjustments. Basics: You had 0 out of 35 hit points. You had all 4 energy points (spell power). Your armor class was 6. Your wallet contained 51 zorkmids. Autopickup was off. Final Characteristics: Your strength was 17 (limit:18/100). Your dexterity was 11 (base:12, limit:20). Your constitution was 20 (limit:20). Your intelligence was 8 (limit:16). Your wisdom was 8 (limit:16). Your charisma was 11 (limit:16). Final Status: You were trapped in a pit. You had wounded legs. You were not hungry. You were unencumbered. You were wielding a spear. You had basic skill with spear. Final Attributes: You were fervently aligned. You were cold resistant. You had infravision. You were stealthy. You are dead. Miscellaneous: You never encountered a bones level. Total elapsed playing time was 5 minutes and 1 second. Major events: Turn 1: nihil the lawful dwarven Valkyrie entered the dungeon 763: attained the rank of Skirmisher (level 3) 925: fell into a pit Vanquished creatures: a coyote a hobbit 4 jackals a fox 4 goblins 3 grid bugs a bat a lichen 2 newts 18 creatures vanquished. No species were genocided or became extinct. Voluntary challenges: You were an atheist. You were illiterate. You never engraved Elbereth. You never genocided any monsters. You never polymorphed an object. You never changed form. You used no wishes. Achievement: You attained the rank of Skirmisher. The Dungeons of Doom: levels 1 to 3 Level 1: A fountain. Level 2: <- You were here. Final resting place for you, fell into a pit. Level 3: Game over: ---------- / \ / REST \ / IN \ / PEACE \ / \ | nihil | | 51 Au | | fell into a pit | | | | | | | | 2022 | *| * * * | * _________)/\\_//(\/(/\)/\//\/|_)_______ Farvel nihil the Valkyrie... You died in The Dungeons of Doom on dungeon level 2 with 330 points, and 51 pieces of gold, after 925 moves. You were level 3 with a maximum of 35 hit points when you died.